 Dungeon Sprint DCSS version 0.16-a0-3596-g438c78e (webtiles) character file.

11839 BluebellGnoll the Severer (level 11, -4/97 HPs)
             Began as a Demonspawn Gladiator on Jan 12, 2015.
             Was the Champion of Qazlal.
             Killed from afar by a fire giant (22 damage)
             ... with a fireball
             ... in the Dungeon (Sprint V: "Ziggurat Sprint").
             The game lasted 00:13:58 (909 turns).

BluebellGnoll the Severer (Demonspawn Gladiator)     Turns: 909, Time: 00:13:58

Health: -4/97      AC: 32    Str: 28    XL:     11   Next: 54%
Magic:  18/25      EV:  3    Int: 12    God:    Qazlal [******]
Gold:   0          SH: 39    Dex: 20    Spells: 4 memorised, 1 level left

rFire  + . .     SeeInvis +     P - +14 obsidian axe {chop, +Fly Str+3 SInv Curse} (curse)
rCold  . . .     Clarity  .     Q - +15 Maxwell's patent armour {-Cast -Tele rElec MR+ rCorr} (curse)
rNeg   + . .     SustAb   .     O - +18 shield of the gong {rElec rN+ MR+ EV-5}
rPois  .         Gourm    .     (helmet restricted)
rElec  +         Spirit   .     (no cloak)
rCorr  +         Warding  .     R - +1 pair of gloves {Str+3}
rMut   .         NoTele   +     (no boots)
MR     ++...     NoCast   +     Y - amulet of resist corrosion
Stlth  ..........               t - +6 ring of strength
                                p - +6 ring of dexterity

@: protected from fire, mesmerised, repel missiles, very resistant to hostile
enchantments, extremely unstealthy
A: horns 2, rugged brown scales 2, nightstalker 2
a: Upheaval, Elemental Force, Disaster Area, Renounce Religion, Evoke Flight


You were in the Dungeon.
You worshipped Qazlal.
Qazlal was exalted by your worship.
You were not hungry.

You visited 1 branch

Inventory:

Hand weapons
 N - a +5 broad axe of chopping
 P - the cursed +14 obsidian axe (weapon) {chop, +Fly Str+3 SInv Curse}
   (You found it in the Dungeon)

   It inflicts extra damage upon your enemies.
   It affects your strength (+3).
   It enhances your eyesight.
   It lets you fly.
   It may recurse itself when equipped.
   It has a curse placed upon it.
Missiles
 d - 8 throwing nets (quivered)
Armour
 M - a +5 gold dragon armour
 O - the +18 shield of the gong (worn) {rElec rN+ MR+ EV-5}
   (You found it in the Dungeon)

   It affects your evasion (-5).
   It insulates you from electricity.
   It protects you from negative energy.
   It affects your resistance to hostile enchantments.
 Q - the cursed +15 Maxwell's patent armour (worn) {-Cast -Tele rElec MR+ rCorr}
   (You found it in the Dungeon)

   It insulates you from electricity.
   It affects your resistance to hostile enchantments.
   It prevents spellcasting.
   It prevents most forms of teleportation.
   It protects you from acid and corrosion.
   It has a curse placed upon it.
 R - a +1 pair of gloves of strength (worn)
Magical staves
 v - an uncursed staff of energy
Rods
 S - a +0 rod of destruction (14/14)
   (You found it in the Dungeon)
 U - a cursed +2 lightning rod (14/14)
   (You found it in the Dungeon)
Jewellery
 c - the ring "Xeaninnecw" {Noisy +Fly Str+3 SInv}
   (You found it in the Dungeon)

   [ring of flight]

   It affects your strength (+3).
   It enhances your eyesight.
   It lets you fly.
   It may make noises in combat.
 p - a +6 ring of dexterity (left hand)
 r - a +6 ring of intelligence
 s - a +6 ring of intelligence
 t - a +6 ring of strength (right hand)
 W - an uncursed ring of wizardry
 Y - an amulet of resist corrosion (around neck)
Magical devices
 l - a wand of disintegration (7)
 m - a wand of fire (5)
 n - a wand of cold (5)
 o - a wand of draining (5)
Scrolls
 k - 4 scrolls of blinking
 y - 4 scrolls of amnesia
 A - 3 scrolls of recharging
 B - 7 scrolls of fog
 C - 5 scrolls of identify
 D - 5 scrolls of remove curse
 E - 2 scrolls of fear
Potions
 e - 10 potions of curing
 g - 10 potions of heal wounds
 h - 6 potions of haste
 i - 7 potions of magic
 j - 3 potions of berserk rage
 F - 2 potions of brilliance
 G - 2 potions of invisibility
 H - 2 potions of restore abilities
 I - 4 potions of resistance
 K - 5 potions of agility
 L - 5 potions of might
Books
 q - a book of Battle

   Spells                             Type                      Level
   a - Infusion                       Charms                       1
   b - Shroud of Golubria             Charms/Translocation         2
   c - Song of Slaying                Charms                       2
   d - Spectral Weapon                Hexes/Charms                 3
   e - Regeneration                   Charms/Necromancy            3
 w - a tome of Destruction
 Z - a tome of Destruction
Miscellaneous
 a - a fan of gales
 u - 2 lamps of fire
 J - a sack of spiders
 T - a legendary deck of defence
 X - a phantom mirror
Comestibles
 b - 11 chunks of flesh
 f - 5 bread rations
 x - 42 fruits
 z - 4 meat rations


   Skills:
 - Level 11.0 Fighting
 + Level 16.9 Axes
 - Level 1.7 Throwing
 - Level 6.7 Armour
 - Level 2.6 Dodging
 - Level 10.5 Shields
 - Level 11.1 Invocations
 * Level 11.9 Evocations


You had one spell level left.
You knew the following spells:

 Your Spells              Type           Power        Failure   Level  Hunger
a - Repel Missiles        Chrm/Air       #.....       100%        2    ###....
b - Shroud of Golubria    Chrm/Tloc      #.........   100%        2    ###....
c - Song of Slaying       Chrm           #.......     100%        2    ###....
d - Regeneration          Chrm/Necr      #.........   100%        3    ####...


Dungeon Overview and Level Annotations

Branches:
Dungeon (1/1)

Altars:
Ashenzari
Cheibriados
Dithmenos
Elyvilon
Fedhas
Gozag
Kikubaaqudgha
Makhleb
Nemelex Xobeh
Okawaru
Qazlal
Ru
Sif Muna
Trog
Vehumet
Xom
Yredelemnul
Zin
The Shining One
Beogh
Jiyva
Lugonu


Innate Abilities, Weirdness & Mutations

You have a pair of horns on your head.
You are mostly covered in rugged brown scales (AC +2, +5% HP).
You are significantly more attuned to the shadows.


Message History

The blast of magma engulfs the hell hog.
You kill the hell hog!
Qazlal accepts your kill.
Visions of slaying the fire elemental flood into your mind.
The hell hound breathes flames at you. The blast of flame hits you!
The fire giant points at you and mumbles some strange words.
The bolt of fire hits the fire elemental.
The fire elemental completely resists.
The bolt of fire hits you! You resist.
* * * LOW HITPOINT WARNING * * *
The fire elemental sizzles in the rain.
You block the fire elemental's attack.
GONNNNG!
The fire giant points at you and mumbles some strange words.
The fireball explodes!
The fireball engulfs the hell hound.
The hell hound completely resists.
The fireball engulfs the fire elemental.
The fire elemental completely resists.
The fireball engulfs the fire elemental.
The fire elemental completely resists.
The fireball engulfs you! You resist.
You die...

▓.........▓.
▓▓▓▓▓▓▓▓▓▓▓▓▓▓ 8..
▓...8©8...▓...
}§≈=v.▓..§§=.|..▓..=
:)§.|..▓...§.....▓...
..≈R§Ch.▓....§....▓...
...§§§§§§▓.........▓...
...C§Eh.§▓.........▓...
▓....§E@§.▓.........▓...
▓..▓§§.▓..▓..))))...▓.▓.
▓.▓.....▓.▓.........▓...
▓...§.....▓....[....▓▓▓▓
▓▓▓▓▓▓▓▓▓▓▓▓▓▓▓▓▓▓▓▓▓


You could see 2 fire giants, a hell hog, an efreet, 2 fire elementals, a fire
vortex and a hell hound.

Vanquished Creatures
  2 vampire knights (D)
  A vampire mage (D)
  A hell hog (D)
  2 skeletal warriors (D)
  2 deep elf knights (D)
  An ugly thing (D)
  An efreet (D)
  A blue devil (D)
  A freezing wraith (D)
  2 polar bears (D)
  A jumping spider (D)
  7 merfolk (D)
  A red devil (D)
  A deep elf mage (D)
  2 shadows (D)
  2 vampires (D)
  A deep elf fighter (D)
  2 hippogriffs (D)
  A water moccasin (D)
  A hell hound (D)
  A sky beast (shapeshifter) (D)
  A porcupine (shapeshifter) (D)
  A swamp drake (shapeshifter) (D)
  2 ice beasts (D)
  2 centaurs (D)
  A big kobold (shapeshifter) (D)
  A scorpion (shapeshifter) (D)
  9 sheep (D)
  2 adders (D)
  A giant mite (D)
  2 white imps (D)
  2 ball pythons (D)
  A jackal zombie (D)
  A fungus (D)
60 creatures vanquished.

Vanquished Creatures (collateral kills)
  A deep elf knight (D)
  A wolf spider (D)
  A merfolk (D)
  A human (shapeshifter) (D)
  4 giant mites (D)
8 creatures vanquished.

Grand Total: 68 creatures vanquished

Notes
Turn   | Place    | Note
--------------------------------------------------------------
     0 | D        | BluebellGnoll, the Demonspawn Gladiator, began the quest for the Orb.
     0 | D        | Reached XP level 1. HP: 16/16 MP: 1/1
     0 | D        | Found a viscous altar of Jiyva.
     0 | D        | Found a corrupted altar of Lugonu.
     0 | D        | Found a white marble altar of Elyvilon.
     2 | D        | Found a sparkling altar of Nemelex Xobeh.
     2 | D        | Found a burning altar of Makhleb.
     2 | D        | Found a deep blue altar of Sif Muna.
     3 | D        | Found a bloodstained altar of Trog.
     6 | D        | Found an iron altar of Okawaru.
    14 | D        | Found a radiant altar of Vehumet.
    15 | D        | Found a basalt altar of Yredelemnul.
    26 | D        | Found a shimmering altar of Xom.
    44 | D        | Became a worshipper of Qazlal Stormbringer
    75 | D        | Reached skill level 6 in Armour
    75 | D        | Gained mutation: You are partially covered in rugged brown scales (AC +1, +3% HP). [demonic ancestry]
    75 | D        | Reached XP level 2. HP: 16/22 MP: 2/2
   161 | D        | Entered arena 1.
   161 | D        | Noticed a deep elf knight
   173 | D        | Killed a deep elf knight
   173 | D        | Reached skill level 12 in Axes
   173 | D        | Gained mutation: You are slightly more attuned to the shadows. [demonic ancestry]
   173 | D        | Reached XP level 3. HP: 14/27 MP: 3/3
   173 | D        | Gained mutation: You have a pair of small horns on your head. [demonic ancestry]
   173 | D        | Reached XP level 4. HP: 17/33 MP: 4/4
   173 | D        | Reached XP level 5. HP: 20/39 MP: 5/5
   173 | D        | Reached XP level 6. HP: 23/45 MP: 6/6
   173 | D        | Gained mutation: You have a pair of horns on your head. [demonic ancestry]
   173 | D        | Reached XP level 7. HP: 26/51 MP: 7/7
   320 | D        | Entered arena 2.
   320 | D        | Noticed a purple ugly thing
   320 | D        | Noticed a spider
   322 | D        | Reached skill level 1 in Shields
   322 | D        | a spider changed into a swamp drake
   325 | D        | Acquired Qazlal's first power
   328 | D        | Killed a purple ugly thing
   328 | D        | Reached skill level 5 in Shields
   328 | D        | Reached XP level 8. HP: 57/69 MP: 8/8
   381 | D        | Entered arena 3.
   381 | D        | Noticed a porcupine
   381 | D        | Noticed a sky beast
   381 | D        | Noticed a scorpion
   381 | D        | Noticed a human
   384 | D        | Killed a porcupine
   387 | D        | Killed a scorpion
   387 | D        | Acquired Qazlal's second power
   387 | D        | Killed a human
   388 | D        | Killed a sky beast
   395 | D        | Identified the Collected Works on Displacement and Self-Knowledge (You found it in the Dungeon)
   398 | D        | Learned a level 2 spell: Repel Missiles
   408 | D        | Entered arena 4.
   408 | D        | Noticed a deep elf knight
   408 | D        | Noticed a deep elf mage
   408 | D        | Noticed a deep elf fighter
   408 | D        | Noticed a deep elf knight
   412 | D        | Killed a deep elf fighter
   414 | D        | Killed a deep elf mage
   414 | D        | Acquired Qazlal's third power
   415 | D        | Killed a deep elf knight
   415 | D        | Reached skill level 10 in Fighting
   415 | D        | Gained mutation: You are mostly covered in rugged brown scales (AC +2, +5% HP). [demonic ancestry]
   415 | D        | Reached XP level 9. HP: 58/81 MP: 9/9
   418 | D        | Killed a deep elf knight
   418 | D        | Reached skill level 10 in Shields
   427 | D        | Got the +0 cloak of Freedom {MR+ rCorr Str-4 Stlth+}
   430 | D        | Got the ring "Xeaninnecw" {Noisy +Fly Str+3 SInv}
   439 | D        | Learned a level 2 spell: Shroud of Golubria
   442 | D        | Learned a level 2 spell: Song of Slaying
   522 | D        | Entered arena 5.
   522 | D        | Noticed a water moccasin
   525 | D        | Killed a water moccasin
   527 | D        | Acquired Qazlal's fourth power
   545 | D        | Entered arena 6.
   545 | D        | Noticed a merfolk
   545 | D        | Noticed a merfolk
   545 | D        | Noticed a merfolk
   545 | D        | Noticed a merfolk
   545 | D        | Noticed a merfolk
   551 | D        | Killed a merfolk
   555 | D        | Killed a merfolk
   555 | D        | Acquired Qazlal's fifth power
   556 | D        | Killed a merfolk
   556 | D        | Killed a merfolk
   556 | D        | Reached skill level 10 in Invocations
   563 | D        | Killed a merfolk
   563 | D        | Reached XP level 10. HP: 67/91 MP: 10/24
   589 | D        | Identified the Handbook of Displacement and Aid (You found it in the Dungeon)
   594 | D        | Learned a level 3 spell: Regeneration
   633 | D        | Entered arena 7.
   633 | D        | Noticed a hippogriff
   633 | D        | Noticed a hippogriff
   633 | D        | Noticed a centaur
   636 | D        | Killed a hippogriff
   636 | D        | Reached skill level 1 in Evocations
   639 | D        | Killed a hippogriff
   639 | D        | Killed a centaur
   655 | D        | Entered arena 8.
   655 | D        | Noticed a jumping spider
   655 | D        | Noticed a wolf spider
   661 | D        | Killed a jumping spider
   661 | D        | Reached skill level 13 in Axes
   662 | D        | Killed a wolf spider
   677 | D        | Entered arena 9.
   677 | D        | Noticed a polar bear
   677 | D        | Noticed a blue devil
   677 | D        | Noticed a polar bear
   677 | D        | Noticed an ice beast
   677 | D        | Noticed a freezing wraith
   677 | D        | Noticed an ice beast
   678 | D        | Killed an ice beast
   678 | D        | Reached skill level 5 in Evocations
   679 | D        | Killed a freezing wraith
   679 | D        | Killed an ice beast
   680 | D        | Killed a blue devil
   683 | D        | Killed a polar bear
   687 | D        | Killed a polar bear
   687 | D        | Reached skill level 14 in Axes
   754 | D        | Entered arena 10.
   754 | D        | Noticed a merfolk
   754 | D        | Noticed a centaur
   754 | D        | Noticed a merfolk
   755 | D        | Noticed a merfolk
   755 | D        | Killed a centaur
   761 | D        | Killed a merfolk
   763 | D        | Killed a merfolk
   764 | D        | Killed a merfolk
   792 | D        | Entered arena 11.
   792 | D        | Noticed a vampire knight
   792 | D        | Noticed a vampire mage
   792 | D        | Noticed a vampire
   792 | D        | Noticed a vampire
   792 | D        | Noticed a shadow
   792 | D        | Noticed a skeletal warrior
   792 | D        | Noticed a shadow
   793 | D        | Noticed a vampire knight
   793 | D        | Noticed a skeletal warrior
   793 | D        | Killed a shadow
   793 | D        | Killed a shadow
   795 | D        | Killed a vampire mage
   795 | D        | Reached skill level 15 in Axes
   795 | D        | Killed a vampire
   795 | D        | Gained mutation: You are significantly more attuned to the shadows. [demonic ancestry]
   795 | D        | Reached XP level 11. HP: 92/97 MP: 17/25
   800 | D        | Killed a vampire knight
   800 | D        | Reached skill level 10 in Evocations
   801 | D        | Killed a skeletal warrior
   803 | D        | Killed a skeletal warrior
   803 | D        | Reached skill level 16 in Axes
   805 | D        | Killed a vampire knight
   807 | D        | Killed a vampire
   830 | D        | Identified the Tome of Clay (You found it in the Dungeon)
   905 | D        | Entered arena 12.
   906 | D        | Noticed a fire elemental
   906 | D        | Noticed a fire elemental
   906 | D        | Noticed an efreet
   906 | D        | Noticed an efreet
   907 | D        | Noticed a hell hound
   907 | D        | Noticed a fire giant
   907 | D        | Noticed a hell hog
   907 | D        | Noticed a fire giant
   907 | D        | Noticed a hell hound
   908 | D        | Noticed a hell hog
   908 | D        | Noticed a fire vortex
   909 | D        | Killed a hell hound
   909 | D        | Killed an efreet
   909 | D        | Killed a hell hog
   909 | D        | Killed from afar by a fire giant

Action                   |  1- 3 |  4- 6 |  7- 9 | 10-12 || total
-------------------------+-------+-------+-------+-------++-------
Melee: Broad axe         |     8 |       |    42 |    33 ||    83
Invok: Upheaval          |       |       |     1 |     4 ||     5
       Disaster Area     |       |       |       |     2 ||     2
       Elemental Force   |       |       |       |     1 ||     1
  Use: Potion            |     1 |       |       |       ||     1
       Scroll            |       |       |     1 |       ||     1
